 Dungeon Crawl Stone Soup version 0.22-b1-59-g0aedee734a (webtiles) character file.

272 Kirk the Chopper (level 6, 19/44 HPs)
             Began as a Demonspawn Gladiator on Aug 10, 2018.
             Was a Follower of Okawaru.
             Quit the game on level 4 of the Dungeon.
             The game lasted 00:05:34 (3365 turns).

Kirk the Chopper (Demonspawn Gladiator)             Turns: 3365, Time: 00:05:35

Health: 19/44      AC:  8    Str: 16    XL:     6   Next: 2%
Magic:  6/6        EV: 11    Int: 10    God:    Okawaru [*.....]
Gold:   130        SH:  0    Dex: 14    Spells: 5/5 levels left

rFire    . . .     SeeInvis .   a - +1 war axe
rCold    . . .     Gourm    .   (no shield)
rNeg     . . .     Faith    .   i - +0 ring mail
rPois    .         Spirit   .   c - +0 helmet
rElec    .         Reflect  .   (no cloak)
rCorr    .         Harm     .   (no gloves)
MR       .....                  (no boots)
Stlth    +.........             (no amulet)
HPRegen  0.14/turn              (no ring)
MPRegen  0.10/turn              (no ring)

@: mildly poisoned (19 -> 17), very slightly contaminated, invisible (expiring)
A: yellow scales 1, spiny 1
a: Heroism, Renounce Religion


You were on level 4 of the Dungeon.
You worshipped Okawaru.
Okawaru was aware of your devotion.
You were not hungry.

You visited 1 branch of the dungeon, and saw 4 of its levels.

You collected 130 gold pieces.

Inventory:

Hand Weapons
 a - a +1 war axe (weapon)
Missiles
 d - 2 throwing nets (quivered)
Armour
 c - a +0 helmet (worn)
 i - a +0 ring mail (worn)
 l - a +0 chain mail
Wands
 k - a wand of enslavement (5)
Scrolls
 e - a scroll of immolation
 g - a scroll of teleportation
Potions
 h - a potion of haste
 j - a potion of resistance
Comestibles
 b - 4 chunks of flesh
 f - 8 rations


   Skills:
 - Level 2.0 Fighting
 + Level 6.2 Axes
 - Level 1.7 Throwing
 - Level 2.6 Dodging


You had 5 spell levels left.
You didn't know any spells.
Your spell library was empty.

Dungeon Overview and Level Annotations

Branches:
Dungeon (4/15)
 Temple: D:4-7

Altars:
Ashenzari
Fedhas
Makhleb
Okawaru
Vehumet
Xom

Shops:
D:4 }


Innate Abilities, Weirdness & Mutations

You are partially covered in yellow scales. (AC +2)
You are partially covered in sharp spines.


Message History

You are too injured to fight recklessly!
You are too injured to fight recklessly!
You are too injured to fight recklessly!
You closely miss the adder.
The adder is severely wounded.
The adder closely misses you. The adder bites you.
You hit the adder.
The adder is severely wounded.
You feel sick. The adder bites you but does no damage.
You catch the helpless adder completely off-guard!
You hit the adder.
You kill the adder!
Okawaru accepts your kill.
You have reached level 6!
Your experience leads to an increase in your attributes!
Increase (S)trength, (I)ntelligence, or (D)exterity?
You feel clever.
Your demonic ancestry asserts itself...
Sharp spines emerge from parts of your body.
You flicker for a moment.
Are you sure you want to abandon this character and quit the game? (Confirm with "yes".)

*,,,,,,,,............#.# *,,
*,,,,,,∩,...#..#.......# *,*
*,,,,,,,,......#.#...#########.#
*,,,,,,,.##........#.##.........
*,,,,,,,,............##.#.......
*,,,,,,,..#...$..####...........
*,,,,,,,,.......#####.###.......
****,*,,,,,,#......##.###.......
**,,,,,,****#..@...#..###.......
**,,********##.....)#...#........
,,,,******#......(.)....#..##.###
,,,>*,,,,..........)#..._..#..#
,,,,,,,,*######..#..##..#..#.##
,,,,,,,** ##....##..#....#
,,,,,********* ###.....###...#
,,,,** *,,,,* #.....###...# ,,,**
*,,,,****#.....###...#


There were no monsters in sight!

Vanquished Creatures
  A hound (D:3)
  An orc priest (D:4)
  Ijyb (D:3)
  An orc wizard (D:4)
  6 adders
  4 gnolls
  2 worms (D:2)
  2 dart slugs
  2 leopard geckos
  2 orcs (D:4)
  A ball python (D:1)
  6 bats
  2 giant cockroaches
  3 goblins (D:2)
  9 hobgoblins
  6 jackals
  A quokka (D:3)
  5 frilled lizards
  6 kobolds
  5 rats
66 creatures vanquished.

Notes
Turn   | Place    | Note
-------+----------+-------------------------------------------
     0 | D:1      | Kirk the Demonspawn Gladiator began the quest for the Orb.
     0 | D:1      | Reached XP level 1. HP: 16/16 MP: 1/1
    31 | D:1      | Reached skill level 3 in Axes
   303 | D:1      | Gained mutation: You are partially covered in yellow scales. (AC +2) [demonic ancestry]
   303 | D:1      | Reached XP level 2. HP: 22/22 MP: 2/2
   889 | D:2      | Reached XP level 3. HP: 16/27 MP: 3/3
   894 | D:2      | Reached skill level 4 in Axes
  1143 | D:2      | Found a faded altar of an unknown god.
  1286 | D:2      | Found an iron altar of Okawaru.
  1309 | D:2      | Reached XP level 4. HP: 17/33 MP: 4/4
  1491 | D:2      | Became a worshipper of Warmaster Okawaru
  1622 | D:2      | Found a radiant altar of Vehumet.
  1859 | D:2      | Found a shimmering altar of Xom.
  1859 | D:2      | Found a burning altar of Makhleb.
  2188 | D:3      | Found a blossoming altar of Fedhas.
  2329 | D:3      | Noticed Ijyb
  2370 | D:3      | Killed Ijyb
  2370 | D:3      | Reached skill level 5 in Axes
  2479 | D:3      | Reached XP level 5. HP: 28/38 MP: 5/5
  3248 | D:4      | Noticed a phantom
  3285 | D:4      | Found Bafronycs's Gadget Shop.
  3329 | D:4      | Found a shattered altar of Ashenzari.
  3346 | D:4      | Reached skill level 6 in Axes
  3352 | D:4      | Reached * piety under Okawaru
  3364 | D:4      | Gained mutation: You are partially covered in sharp spines. [demonic ancestry]
  3364 | D:4      | Reached XP level 6. HP: 19/44 MP: 6/6
  3365 | D:4      | Quit the game

Skill      XL: |  1  2  3  4  5 |
---------------+----------------+-----
Axes           | 3 4 5 6 |  6.2
Fighting       | |  2.0
Throwing       | |  1.7
Dodging        | |  2.6

Action                   |  1- 3 |  4- 6 || total
-------------------------+-------+-------++-------
Melee: War axe           |   134 |   130 ||   264
Throw: Throwing net      |     1 |       ||     1
  Use: Potion            |     1 |     1 ||     2
       Scroll            |       |    10 ||    10
 Stab: Sleeping          |     1 |       ||     1
       Invisible         |       |     4 ||     4
  Eat: Chunk             |     1 |     7 ||     8
Armor: Leather armour    |    50 |    49 ||    99
       Ring mail         |       |     6 ||     6
Dodge: Dodged            |   104 |    96 ||   200
